 Dungeon Sprint DCSS version 0.03.2.1-42-g860841ac0a (webtiles) character file.

Game seed: 17663208431575289730, levelgen mode: deterministic

2 esc the Shooter (level 1, -3/17 HPs) Centaur Hunter. Began on Jan 25, 2021. Slain by a wolf (7 damage) ... in the Dungeon (Sprint III: "The Ten Rune Challenge"). The game lasted 00:00:50 (69 turns).

esc the Shooter (Centaur Hunter)                      Turns: 69, Time: 00:00:50

Health: -3/17      AC:  4    Str: 14    XL:     1 ^: 8
Magic:  1/1        EV:  9    Int: 10    God:
Gold:   0          SH:  0    Dex:  9    Spells: 0/0 levels left

rFire    . . .     Vision   .   a - +1 shortbow
rCold    . . .     Gourm    .   (also wielding the above weapon)
rNeg     . . .     Faith    .   c - +0 leather armour
rPois    .         Spirit   .   (no helmet)
rElec    .         Reflect  .   (no cloak)
rCorr    .         Harm     .   (no gloves)
MR       .....     NoTele   +   (no barding)
Stlth    +.........             (no amulet)
HPRegen  0.15/turn              (no ring)
MPRegen  0.11/turn              (no ring)

@: very slightly contaminated, very quick
A: large, hooves 3, deformed body, speed 2, tough skin 3
a: no special abilities


You were in the Dungeon.
You were not hungry.

You visited 1 branch

Inventory:

Weapons
 a - a +1 shortbow (weapon)
 b - a +0 short sword
Armour
 c - a +0 leather armour (worn)
Potions
 e - a potion of curing
 f - a potion of heal wounds
 g - a potion of haste
 h - 2 potions of magic
 i - a potion of berserk rage
Comestibles
 d - a ration
 k - 4 chunks of flesh


   Skills:
 - Level 2.0 Fighting
 + Level 6.5 Bows
 - Level 1.3 Dodging
 - Level 0.4 Stealth


You couldn't memorise any spells.
You didn't know any spells.
Your spell library was empty.

Dungeon Overview and Level Annotations

Branches:
Dungeon (1/1)

Altars:


Innate Abilities, Weirdness & Mutations

You have hooves in place of feet.
Armour fits poorly on your strangely shaped body.
You cover ground very quickly.
You have extremely tough skin. (AC +3)


Message History

Press: ? - help, Shift-Dir - straight line, f/p - wolf
Aim: a wolf (moderately wounded (8/11))
You shoot an arrow. The wolf blocks the arrow.
The wolf barely misses you (0).
Aiming:
a - a +1 shortbow, Range: 1 (25%)
Press: ? - help, Shift-Dir - straight line, f/p - wolf
Aim: a wolf (lightly wounded (9/11))
You shoot an arrow. The wolf makes you miss your attack.
The wolf barely misses you (0). The wolf bites you (6).
* * * LOW HITPOINT WARNING * * *
Aiming:
a - a +1 shortbow, Range: 1 (25%)
Press: ? - help, Shift-Dir - straight line, f/p - wolf
Aim: a wolf (lightly wounded (9/11))
You shoot an arrow. The arrow misses the wolf (0).
The wolf barely misses you (0).
Aiming:
a - a +1 shortbow, Range: 1 (25%)
Press: ? - help, Shift-Dir - straight line, f/p - wolf
Aim: a wolf (lightly wounded (9/11))
You shoot an arrow. The arrow barely misses the wolf (0).
The wolf barely misses you (0). The wolf bites you (7)!
You die...

▓▓▓▓▓▓▓▓▓
▓<..#]..####
▓...#......##
▓..##...÷...#
▓##.##.##.@.# .#
##.##.###h.# ..#
▓#.####.##p.# ...+
▓.###..##÷.##
#...# ▓#..÷..##..#
#p...#
###÷.##...##.....#
##..##....#......#
#..###..##.# #).#
#..####


You could see a human and a wolf.

Vanquished Creatures
  4 rats (D)
4 creatures vanquished.

Vanquished Creatures (others)
  8 plants (D)
8 creatures vanquished.

Grand Total: 12 creatures vanquished

Notes
Turn   | Place    | Note
-------+----------+-------------------------------------------
     0 | D        | esc the Centaur Hunter began the quest for the Orb.
     0 | D        | Reached XP level 1. HP: 17/17 MP: 1/1
    14 | D        | Reached skill level 6 in Bows
    69 | D        | Slain by a wolf

Levels and vault maps discovered:
D:        dungeon_sprint_mu [sprint_mu_entry_cave, sprint_mu_temple_rooms,
          sprint_mu_d1_spiders, sprint_mu_d2_genie, sprint_mu_d3_branching,
          sprint_mu_orc_legion, sprint_mu_elf_gauntlet, sprint_mu_hive_nellie,
          sprint_mu_lair_fedhas, sprint_mu_vaults_butterflies,
          sprint_mu_slime_circle, sprint_mu_swamp_cave, sprint_mu_snake_twists,
          sprint_mu_blade_basic, sprint_mu_crypt_lich, sprint_mu_tomb_spiral,
          sprint_mu_vestibule_basic, sprint_mu_gehenna_hellfire,
          sprint_mu_dis_giant, sprint_mu_tartarus_statrot,
          sprint_mu_cocytus_islands, sprint_mu_zot1]

Skill      XL: |  1 |
---------------+----+-----
Bows           | 6 |  6.5
Fighting       | |  2.0
Dodging        | |  1.3
Stealth        | |  0.4

Action                   || total
-------------------------++-------
 Fire: Shortbow          ||    21
  Use: Scroll            ||     1
Armor: Leather armour    ||     2
Dodge: Dodged            ||     7
